 Dungeon Crawl Stone Soup version 0.32-a0-519-g08f29ac1c3 (webtiles) character file.

Game seed: 5284928880643343029

184988 MurktideRegent the Fencer (level 18, -9/149 HPs)
             Began as a Coglin Warper on Feb 28, 2024.
             Was the Champion of Okawaru.
             Mangled by a sea snake (11 damage)
             ... on level 4 of the Snake Pit.
             The game lasted 01:00:47 (45665 turns).

MurktideRegent the Fencer (Coglin Warper)          Turns: 45665, Time: 01:00:48

Health: -9/149     AC: 17    Str: 19    XL:     18   Next: 42%
Magic:  17/32      EV:  5    Int: 18    God:    Okawaru [******]
Gold:   1626       SH:  0    Dex: 21    Spells: 31/37 levels left

rFire   + . .        O - +10 dagger of Charity {venom, rN+}
rCold   + + +        a - +10 double sword of Evisceration {freeze, Str+6}
rNeg    + . .        X - +0 ice dragon scales
rPois   +            M - +1 helmet of the Hot Ocelot {Int+4}
rElec   .            d - scarf {rC+ rF+}
rCorr   .            Q - +0 pair of gloves "Roacojon" {^Drain rPois Dex+2}
SInv    .            D - +1 pair of boots
Will    +....        k - amulet of regeneration Stlth
                     (ring unavailable)
HPRegen 1.24/turn    (ring unavailable)
MPRegen 0.23/turn

%: no passive effects
@: lethally poisoned (-9 -> -11), constricted, revving
A: cold resistance 1, fire resistance 1, off-hand wielding, slow wielding,
warmup strikes, no rings
a: Renounce Religion, Heroism, Finesse, Duel


You were on level 4 of the Snake Pit.
You worshipped Okawaru.
Okawaru was exalted by your worship.
You visited 6 branches of the dungeon, and saw 30 of its levels.
You also visited: Ice Cave.

You collected 3068 gold pieces.
You spent 1442 gold pieces at shops.

Inventory:

Hand Weapons
 a - the +10 double sword of Evisceration (offhand) {freeze, Str+6}
   (Okawaru gifted it to you on level 10 of the Dungeon)

   Str+6:     It affects your strength (+6).
 O - the +10 dagger of Charity (weapon) {venom, rN+}
   (You found it on level 8 of the Dungeon)

   rN+:       It protects you from negative energy.
Missiles
 E - 2 curare-tipped darts
Armour
 d - a scarf of resistance (worn)
 C - the +8 chain mail "Reheklae" {Harm rF+ rC- Str+6}
   (You found it on level 14 of the Dungeon)

   Str+6:     It affects your strength (+6).
   rF+:       It protects you from fire.
   rC-:       It makes you vulnerable to cold.
   Harm:      It increases damage dealt and taken.
 D - a +1 pair of boots (worn)
 K - the +1 robe of Vines {NoPotionHeal Regen++++}
   (You found it on level 5 of the Lair of Beasts)

   NoPotionHeal: Its wearer cannot be healed by potions.
   Regen++++: It increases your rate of health regeneration.
 L - +0 steam dragon scales
 M - the +1 helmet of the Hot Ocelot (worn) {Int+4}
   (Okawaru gifted it to you on level 10 of the Dungeon)

   Int+4:     It affects your intelligence (+4).
 Q - the +0 pair of gloves "Roacojon" (worn) {^Drain rPois Dex+2}
   (You found it on level 5 of the Lair of Beasts)

   Dex+2:     It affects your dexterity (+2).
   rPois:     It protects you from poison ^Drain: It drains your maximum health
   when unequipped.
 X - +0 ice dragon scales (worn)
Jewellery
 k - an amulet of regeneration (around neck)
 q - the amulet "Xujat" {Acrobat Rampage rF+}
   (You acquired it on level 12 of the Dungeon)

   [amulet of the acrobat]

   Acrobat:   It increases your evasion while moving and waiting.
   rF+:       It protects you from fire.
   Rampage:   It bestows one free step when moving towards enemies.
Wands
 c - a wand of quicksilver (6)
 i - a wand of iceblast (7)
 j - a wand of paralysis (19)
 m - a wand of flame (26)
 v - a wand of digging (4)
 H - a wand of mindburst (11)
 S - a wand of polymorph (29)
Scrolls
 l - a scroll of fear
 p - 2 scrolls of vulnerability {!r}
 s - 4 scrolls of identify {@r1}
 t - 8 scrolls of amnesia
 u - 2 scrolls of blinking {@r4}
 w - 9 scrolls of teleportation {@r3}
 y - 5 scrolls of butterflies
 I - 4 scrolls of immolation
 J - 5 scrolls of revelation {@r5}
 P - 3 scrolls of torment
 T - a scroll of fog {@r2}
 U - 2 scrolls of enchant armour
 V - 2 scrolls of brand weapon
 Y - 6 scrolls of enchant weapon
 Z - 2 scrolls of poison
Potions
 b - 7 potions of brilliance
 f - 8 potions of mutation
 g - 5 potions of heal wounds {@q1}
 h - 3 potions of haste {@q5}
 n - 6 potions of attraction
 o - 3 potions of might {@q3}
 r - 5 potions of lignification
 x - 8 potions of curing {@q2}
 z - 3 potions of magic
 A - 4 potions of invisibility
 B - 4 potions of cancellation
 F - 4 potions of ambrosia
 G - 3 potions of berserk rage
 N - 2 potions of resistance
 W - a potion of enlightenment
Miscellaneous
 e - a phial of floods
 R - a lightning rod (4/4)


   Skills:
 + Level 15.2 Fighting
 - Level 16.0 Long Blades
 - Level 0.8 Throwing
 + Level 6.5 Armour
 + Level 8.4 Dodging
 - Level 10.0 Spellcasting
 - Level 14.0 Translocations
 + Level 12.2 Invocations


You had 31 spell levels left.
You knew the following spells:

 Your Spells              Type           Power      Damage    Failure   Level
b - Blink                 Tloc           100%       N/A       1%          2
m - Manifold Assault      Tloc           56%        N/A       1%          4

Your spell library contained the following spells:

 Spells                   Type           Power      Damage    Failure   Level
 Lesser Beckoning         Tloc           100%       N/A       1%          2
 Gell's Gravitas          Tloc           56%        N/A       1%          3
 Teleport Other           Tloc           56%        N/A       1%          3
 Momentum Strike          Conj/Tloc      68%        3d9       2%          2
 Dispersal                Tloc           28%        N/A       13%         6
 Dimensional Bullseye     Hex/Tloc       17%        N/A       14%         4
 Vhi's Electric Charge    Tloc/Air       68%        N/A       14%         4
 Kiss of Death            Conj/Necr      36%        2d8       26%         1
 Scorch                   Fire           18%        2d5       36%         2
 Sublimation of Blood     Necr           9%         N/A       36%         2
 Confusing Touch          Hex            9%         N/A       61%         3
 Dazzling Flash           Conj/Hex       18%        N/A       61%         3
 Mephitic Cloud           Conj/Alch/Air  9%         N/A       61%         3
 Sigil of Binding         Hex            9%         N/A       61%         3
 Dispel Undead            Necr           9%         3d8       95%         4
 Flame Wave               Conj/Fire      9%         2d6       95%         4
 Petrify                  Alch/Erth      9%         N/A       95%         4
 Arcjolt                  Conj/Air       4%         1d14      100%        5
 Curse of Agony           Necr           9%         N/A       100%        5
 Irradiate                Conj/Alch      4%         3d13      100%        5
 Silence                  Hex/Air        4%         N/A       100%        5
 Plasma Beam              Fire/Air       4%         2x1d14    100%        6
 Orb of Destruction       Conj           4%         9d5       100%        7
 Call Canine Familiar     Summ           Unusable   N/A       N/A         3
 Summon Blazeheart Golem  Fire/Summ      Unusable   N/A       N/A         4
 Summon Cactus Giant      Summ           Unusable   N/A       N/A         6
 Spellforged Servitor     Conj/Summ      Unusable   N/A       N/A         7

Dungeon Overview and Level Annotations

Branches:
Dungeon (15/15)            Temple (1/1) D:5            Lair (5/5) D:11
  Swamp (3/4) Lair:2        Snake (4/4) Lair:3        Slime (0/5) Lair:5
    Orc (2/2) D:10            Elf (0/3) Orc:2        Vaults (0/5) D:13
 Depths (0/4) D:15          IceCv (visited)

Altars:
Ashenzari
Cheibriados
Dithmenos
Elyvilon
Fedhas
Gozag
Hepliaklqana
Kikubaaqudgha
Makhleb
Nemelex Xobeh
Okawaru
Qazlal
Ru
Sif Muna
Trog
Uskayaw
Vehumet
Wu Jian
Xom
Yredelemnul
Zin
The Shining One
Beogh
Jiyva

Shops:
D:1 *   D:2 (   D:6 !   D:7 !*   D:11 *   D:13 !   Orc:1 (   Orc:2 *:*(
Snake:2 (*(

Annotations:
Snake:4 1 runed translucent door, Alarak's ghost, adept FoFi


Innate Abilities, Weirdness & Mutations

Your flesh is cold resistant. (rC+)
Your flesh is heat resistant. (rF+)
You can wield a second weapon in your off-hand.
It takes a long time for you to wield or remove held weapons.
Your first few attacks do less damage.
Your grasper-arms cannot wear rings.


Message History

The guardian serpent coils itself and waves its upper body at you.
The sea snake bites you but does no damage.
The naga sharpshooter gestures wildly while chanting.
The naga sharpshooter magically shoots an arrow.
The arrow hits you. The sea snake bites you!
The guardian serpent barely misses you. The sea snake bites you.
The nagaraja points at you and mumbles some strange words.
The poison arrow hits you!
You are poisoned.
You partially resist.
* * * LOW HITPOINT WARNING * * *
The nagaraja constricts you.
Unknown command.
You feel much better.
You feel very sick. The guardian serpent hits you!
* * * LOW HITPOINT WARNING * * *
The guardian serpent coils itself and waves its upper body at you.
The sea snake bites you.
* * * LOW HITPOINT WARNING * * *
The naga sharpshooter shoots an arrow.
The arrow hits you!
* * * LOW HITPOINT WARNING * * *
The sea snake bites you.
* * * LOW HITPOINT WARNING * * *
The nagaraja casts a spell at you. The bolt of poison hits you! You resist.
* * * LOW HITPOINT WARNING * * *
The nagaraja constricts you!
* * * LOW HITPOINT WARNING * * *
You hear an angry hiss.
Unknown command.
As you read the scroll of teleportation {@r3}, it crumbles to dust.
You feel strangely stable.
You feel very sick. The guardian serpent hits you.
* * * LOW HITPOINT WARNING * * *
A sea snake comes into view.
The guardian serpent coils itself and waves its upper body at you.
The sea snake bites you!
You die...

#....####..#####.....#..).)..).#.
#.....#....# #..(.#.............
...........## #..##.###.......###
......##....###..#### ##.~≈~.##
....#####...##..## ≈≈##≈≈≈##
...## ###.#..## ~~~≈##### ...#
###..# ≈~... ..## #..###S~~.~~
#.## ##.S@SS...~≈ ...##
##NSNS~.~≈S ....## ###≈~~.~≈≈
.....## ##NS~≈~ ......## S.~~~
.......## ...) ####....# ##.
####.# ###


You could see 2 nagarajas, a naga sharpshooter (very poisoned), 5 sea snakes and
4 guardian serpents.

Vanquished Creatures
  Bai Suzhen (Snake:3)
  Vashnia (Snake:2)
  Saint Roka (Snake:4)
  Nikola (Snake:1)
  Kirke (Snake:1)
  A kraken (Swamp:2)
  Agnes (Snake:1)
  Aizul (Snake:1)
  Roxanne (Snake:4)
  A fire giant (D:15)
  6 nagarajas
  The ghost of Pitzov the Ruinous, an adept DECj of Sif Muna (Snake:3)
  2 ghouls (Swamp:1)
  A reaper (IceCv)
  3 eleionomae
  3 bunyips
  Josephine (Orc:1)
  A yaktaur captain (D:13)
  13 hydras
  14 alligators
  2 ogre magi
  4 centaur warriors
  11 anacondas
  7 two-headed ogres
  2 boulder beetles
  2 hell hogs (Lair:5)
  3 orc high priests
  13 naga sharpshooters
  8 naga warriors
  2 tengu warriors (D:15)
  3 death yaks (Lair:5)
  8 spriggans
  9 shock serpents
  3 skysharks
  2 salamander mystics
  A spectral anaconda (Snake:3)
  3 goliath frogs
  2 sea snakes (Snake:4)
  4 mana vipers
  2 swamp dragons
  3 bog bodies
  4 spriggan druids
  An arcanist (D:15)
  A deep elf zephyrmancer (D:15)
  A necromancer (D:9)
  A lindwurm (Lair:5)
  4 orc knights
  12 ugly things
  4 deep elf pyromancers
  2 manticores
  7 orc sorcerers
  3 will-o-the-wisps
  6 oklob plants
  A cyclops (D:12)
  Maurice (D:9)
  10 salamanders
  4 elephants (Lair:4)
  4 ice statues
  6 meliai
  25 black mambas
  2 kobold blastminers (Orc:2)
  3 guardian serpents
  An orange demon (Orc:1)
  16 naga magi
  3 gargoyles
  3 molten gargoyles (Lair:5)
  7 cane toads
  A rime drake (Lair:3)
  3 kobold demonologists
  A tengu conjurer (D:15)
  6 yaktaurs
  8 komodo dragons
  2 anaconda simulacra (IceCv)
  8 ice devils (IceCv)
  A troll (shapeshifter) (D:14)
  12 tyrant leeches
  A bloated husk (Swamp:1)
  8 trolls
  6 polar bears
  A raiju (shapeshifter) (D:15)
  A polar bear (shapeshifter) (D:13)
  13 hornets
  7 blink frogs
  3 spectral black mambas (Snake:3)
  A raiju (Orc:1)
  6 slime creatures (D:12)
  2 centaur simulacra
  2 shadows
  A mana viper simulacrum (Snake:3)
  4 wraiths
  5 hogs (Snake:1)
  11 basilisks
  53 yaks
  2 dire elephant simulacra (IceCv)
  A fire bat (Orc:1)
  10 wyverns
  2 spectral salamanders (Snake:3)
  16 vampire mosquitoes
  3 steam dragons
  A death yak simulacrum (D:13)
  9 swamp worms
  3 harpy simulacra (IceCv)
  37 nagas
  23 water moccasins
  2 acid dragons
  3 hydra simulacra (IceCv)
  4 hell hounds
  14 orc warriors
  An ice beast (D:6)
  2 sky beasts
  11 wolves
  7 ogres
  9 centaurs
  4 kobold brigands
  5 bullfrogs
  3 gnoll sergeants
  3 scorpions
  8 wights
  9 killer bees
  8 electric eels
  3 howler monkeys
  2 jellies
  5 lava snakes (Lair:5)
  2 bombardier beetles (D:5)
  2 hounds (D:6)
  16 orc priests
  16 orc wizards
  2 iguanas
  2 spriggan simulacra (D:13)
  2 polar bear simulacra (D:10)
  2 troll simulacra
  4 yak simulacra (D:10)
  4 wolf simulacra
  A boggart simulacrum (D:15)
  12 gnolls
  17 adders
  6 naga simulacra
  A shadow imp (D:8)
  7 ufetubi
  A dart slug (D:2)
  7 ribbon worms
  60 orcs
  4 bats
  4 endoplasms
  3 giant cockroaches
  3 goblins
  4 hobgoblins
  2 jackals (D:3)
  16 kobolds
  3 quokkas
  6 ball pythons
  10 rats
  3 river rat simulacra (D:10)
  A tentacle (Swamp:2)
881 creatures vanquished.

Vanquished Creatures (others)
  A bloated husk (Swamp:3)
  2 gnolls (D:8)
  4 foxfires (Swamp:3)
  3 tentacles (Swamp:2)
10 creatures vanquished.

Grand Total: 891 creatures vanquished

Notes
Turn   | Place    | Note
-------+----------+-------------------------------------------
     0 | D:1      | MurktideRegent the Coglin Warper began the quest for the
                  | Orb.
     0 | D:1      | Reached XP level 1. HP: 16/16 MP: 3/3
   209 | D:1      | Found Conlaxia's General Store.
   700 | D:2      | Found Lirim's Weapon Boutique.
   730 | D:2      | Reached XP level 2. HP: 9/23 MP: 4/4
   891 | D:2      | Reached skill level 3 in Long Blades
   891 | D:2      | Reached XP level 3. HP: 23/28 MP: 5/5
   952 | D:2      | Found an ornate altar of the Wu Jian Council.
  1058 | D:2      | Reached XP level 4. HP: 34/34 MP: 6/6
  1421 | D:3      | Found a hazy altar of Hepliaklqana.
  1422 | D:3      | Found a shimmering altar of Xom.
  1423 | D:3      | Noticed a spectral ugly thing
  1547 | D:3      | You fall into a shaft and drop 2 floors!
  1547 | D:5      | Entered Level 5 of the Dungeon
  1703 | D:3      | Reached skill level 4 in Long Blades
  1990 | D:3      | Reached XP level 5. HP: 41/41 MP: 7/7
  2617 | D:4      | Found a glowing golden altar of the Shining One.
  2898 | D:4      | Reached skill level 5 in Long Blades
  2898 | D:4      | Reached XP level 6. HP: 48/48 MP: 8/8
  3033 | D:4      | Identified the staff of Generosity {rElec rPois rCorr Summ
                  | Alchemy}
  3252 | D:5      | Reached skill level 6 in Long Blades
  3252 | D:5      | Reached XP level 7. HP: 45/55 MP: 9/9
  3466 | D:5      | Found a glowing silver altar of Zin.
  3495 | D:5      | Reached skill level 5 in Fighting
  3495 | D:5      | Reached skill level 7 in Long Blades
  3695 | D:5      | Identified the +8 sling of Nuenec {antimagic, ^Contam rElec
                  | rPois Stlth+}
  3858 | D:5      | Found a staircase to the Ecumenical Temple.
  4056 | Temple   | Entered the Ecumenical Temple
  4107 | D:6      | Found an opulent altar of Gozag.
  4156 | D:6      | Reached XP level 8. HP: 62/62 MP: 10/10
  4168 | D:6      | Reached skill level 8 in Long Blades
  4230 | D:6      | Found Saewkop's Distillery.
  4245 | D:6      | Bought a potion of heal wounds for 50 gold pieces
  4360 | D:6      | Found a broken altar of Ashenzari.
  4360 | D:6      | Found a shimmering blue altar of Sif Muna.
  4883 | D:7      | Reached skill level 5 in Translocations
  4914 | D:7      | Reached XP level 9. HP: 48/68 MP: 13/15
  5253 | D:7      | Found Doxaqone's Overcharged Wands.
  5343 | D:7      | Found a white marble altar of Elyvilon.
  5429 | D:7      | Found a burning altar of Makhleb.
  5631 | D:7      | Found Osae's Distillery.
  5640 | D:7      | Bought a potion of might for 48 gold pieces
  5812 | D:7      | Learned a level 2 spell: Blink
  5817 | D:7      | Learned a level 4 spell: Manifold Assault
  6115 | D:8      | Reached skill level 1 in Armour
  6610 | D:8      | Found a shadowy altar of Dithmenos.
  6623 | D:8      | Identified the +10 dagger of Charity {venom, rN+}
  6759 | D:8      | Reached XP level 10. HP: 73/74 MP: 16/16
  6770 | D:8      | Reached skill level 5 in Dodging
  6825 | D:8      | Noticed a two-headed ogre
  6862 | D:8      | Found an iron altar of Okawaru.
  7199 | D:8      | Found a sacrificial altar of Ru.
  7323 | D:8      | Became a worshipper of Warmaster Okawaru
  7361 | D:8      | Noticed a two-headed ogre
  7369 | D:8      | Killed a two-headed ogre
  7390 | D:8      | Noticed an ice statue
  7410 | D:8      | Reached * piety under Okawaru
  7594 | D:9      | Reached ** piety under Okawaru
  7621 | D:9      | Noticed Maurice
  7637 | D:9      | Something stole an amulet of faith
  7650 | D:9      | Something stole a +0 falchion {Qing}
  7653 | D:9      | Something stole 340 gold
  7656 | D:9      | Killed Maurice
  7781 | D:9      | Found a radiant altar of Vehumet.
  7812 | D:9      | Found an ancient bone altar of Kikubaaqudgha.
  7885 | D:9      | Found a blossoming altar of Fedhas.
  7891 | D:9      | Reached XP level 11. HP: 77/83 MP: 17/17
  7914 | D:9      | Noticed a two-headed ogre
  7944 | D:9      | Reached skill level 9 in Long Blades
  7953 | D:9      | Killed a two-headed ogre
  7953 | D:9      | Reached *** piety under Okawaru
  8014 | D:9      | Noticed a two-headed ogre
  8048 | D:9      | Killed a two-headed ogre
  8112 | D:9      | Reached **** piety under Okawaru
  8218 | D:9      | Reached skill level 10 in Long Blades
  8502 | D:10     | Entered Level 10 of the Dungeon
  9374 | D:10     | Found a staircase to the Orcish Mines.
  9497 | D:10     | Found a roughly hewn altar of Beogh.
  9694 | D:10     | Noticed a necromancer
  9709 | D:9      | Killed a necromancer
  9710 | D:9      | Reached skill level 11 in Long Blades
 10111 | D:11     | Reached ***** piety under Okawaru
 10123 | D:11     | Reached skill level 12 in Long Blades
 10137 | D:11     | Found Puruttej's General Store.
 10143 | D:11     | Found a staircase to the Lair.
 10146 | D:11     | Bought 2 potions of heal wounds for 110 gold pieces
 10146 | D:11     | Bought a potion of invisibility for 88 gold pieces
 10235 | D:11     | Reached XP level 12. HP: 90/92 MP: 18/18
 10413 | D:11     | Noticed a two-headed ogre
 10423 | D:11     | Killed a two-headed ogre
 10423 | D:11     | Received a gift from Okawaru
 10424 | D:11     | Reached skill level 5 in Spellcasting
 10639 | Lair:1   | Entered Level 1 of the Lair of Beasts
 11047 | Lair:1   | Reached skill level 5 in Armour
 12051 | Lair:2   | Received a gift from Okawaru
 12052 | Lair:2   | Reached skill level 1 in Invocations
 12581 | Lair:2   | Found a staircase to the Swamp.
 12805 | Lair:2   | Noticed a boulder beetle
 12816 | Lair:2   | Killed a boulder beetle
 14313 | Lair:3   | Found a staircase to the Snake Pit.
 14463 | Lair:3   | Noticed an eight-headed hydra
 14627 | Lair:3   | Gained mutation: Your flesh is cold resistant. (rC+)
                  | [Coglin growth]
 14627 | Lair:3   | Gained mutation: Your flesh is heat resistant. (rF+)
                  | [Coglin growth]
 14627 | Lair:3   | Reached XP level 13. HP: 101/101 MP: 1/22
 15638 | Lair:4   | Received a gift from Okawaru
 15827 | Lair:4   | Reached skill level 13 in Long Blades
 16340 | Lair:4   | Reached skill level 10 in Fighting
 16796 | Lair:5   | Entered Level 5 of the Lair of Beasts
 16805 | Lair:5   | Reached skill level 5 in Invocations
 17021 | Lair:5   | Found a viscous altar of Jiyva.
 17021 | Lair:5   | Found a staircase to the Slime Pits.
 17883 | Lair:5   | Received a gift from Okawaru
 18187 | Lair:5   | Reached skill level 14 in Long Blades
 18326 | Lair:5   | Identified the +0 pair of gloves "Roacojon" {^Drain rPois
                  | Dex+2}
 19067 | Lair:5   | Reached XP level 14. HP: 84/110 MP: 23/23
 19191 | Lair:5   | Received a gift from Okawaru
 19384 | Lair:5   | Found a large runed translucent door.
 19978 | Lair:5   | Found a large runed translucent door.
 20463 | Lair:5   | Found the +1 robe of Vines {NoPotionHeal Regen++++}
 21776 | Lair:3   | Received a gift from Okawaru
 22074 | Orc:1    | Entered Level 1 of the Orcish Mines
 22236 | Orc:1    | Found Bownyamy's Antique Weapon Shop.
 23050 | Orc:1    | Found a shimmering altar of Xom.
 23103 | Orc:2    | Entered Level 2 of the Orcish Mines
 23103 | Orc:2    | Noticed Josephine
 23269 | Orc:1    | Killed Josephine
 23270 | Orc:1    | Reached skill level 10 in Invocations
 23480 | Orc:2    | Found a staircase to the Elven Halls.
 24014 | Orc:1    | Paralysed by a hornet for 1 turns
 24216 | Orc:2    | Received a gift from Okawaru
 24353 | Orc:1    | You fall into a shaft and drop 1 floor!
 25028 | Orc:2    | Reached ****** piety under Okawaru
 25835 | Orc:2    | Found Xumocyli's Antique Weapon Shop.
 25835 | Orc:2    | Found Mumpit's General Store.
 25836 | Orc:2    | Found Gawnefos's Assorted Antiques.
 25836 | Orc:2    | Found Teohek's Book Emporium.
 25889 | Orc:2    | Bought a scroll of enchant weapon for 150 gold pieces
 25889 | Orc:2    | Bought a scroll of fear for 80 gold pieces
 25889 | Orc:2    | Bought a glowing grey potion for 18 gold pieces
 25889 | Orc:2    | Bought a metallic brown potion for 18 gold pieces
 25936 | D:10     | Acquired the +1 helmet of the Hot Ocelot {Int+4}
 25936 | D:10     | Received a gift from Okawaru
 25961 | D:10     | Acquired the +10 double sword of Evisceration {freeze,
                  | Str+6}
 25961 | D:10     | Received a gift from Okawaru
 26008 | D:12     | Received a gift from Okawaru
 26118 | D:12     | Reached XP level 15. HP: 116/117 MP: 5/25
 26324 | D:12     | Found a hide-covered altar of Uskayaw.
 26796 | D:12     | Identified a scroll of acquirement
 27132 | D:13     | Found a frozen archway.
 27156 | IceCv    | Entered an ice cave
 28282 | D:13     | Found a gate to the Vaults.
 28481 | D:13     | Found Famimaga's Distillery.
 28576 | D:13     | Bought a potion of haste for 160 gold pieces
 28576 | D:13     | Bought 2 potions of invisibility for 256 gold pieces
 28576 | D:13     | Bought a potion of cancellation for 128 gold pieces
 28795 | D:13     | Received a gift from Okawaru
 29237 | D:14     | Identified the +8 chain mail "Reheklae" {Harm rF+ rC-
                  | Str+6}
 29582 | D:14     | Found the +8 trishula "Condemnation" {holy, anguish, *Noise
                  | Fly rN+}
 29831 | D:15     | Entered Level 15 of the Dungeon
 29847 | D:15     | Reached skill level 10 in Translocations
 29979 | D:15     | Reached skill level 15 in Long Blades
 30390 | D:15     | Received a gift from Okawaru
 31182 | D:15     | Found a staircase to the Depths.
 31183 | D:15     | Noticed a fire giant
 31198 | D:15     | Killed a fire giant
 32273 | Swamp:1  | Entered Level 1 of the Swamp
 32276 | Swamp:1  | Received a gift from Okawaru
 32277 | Swamp:1  | Reached XP level 16. HP: 127/127 MP: 15/28
 33156 | Swamp:1  | Received a gift from Okawaru
 34072 | Swamp:2  | Reached skill level 16 in Long Blades
 34083 | Swamp:2  | Received a gift from Okawaru
 35472 | Swamp:2  | Noticed a kraken
 35480 | Swamp:2  | Killed a kraken
 36057 | Swamp:3  | Received a gift from Okawaru
 37243 | Snake:1  | Entered Level 1 of the Snake Pit
 37247 | Snake:1  | Noticed Kirke
 37387 | Snake:1  | Killed Kirke
 37388 | Snake:1  | Reached XP level 17. HP: 135/135 MP: 13/30
 37593 | Snake:1  | Noticed Agnes
 37596 | Snake:1  | Identified the serpent talisman of Feral Mirth {*Corrode
                  | rElec Will+++ Int+3 SInv}
 37596 | Snake:1  | Noticed Aizul
 37599 | Snake:1  | Killed Agnes
 37603 | Snake:1  | Killed Aizul
 37860 | Snake:1  | Noticed Nikola
 37871 | Snake:1  | Killed Nikola
 38253 | Snake:1  | Received a gift from Okawaru
 39560 | Snake:2  | Noticed Vashnia
 39918 | Snake:2  | Found Plog's Antique Weapon Emporium.
 39920 | Snake:2  | Found Diqus's Assorted Antiques.
 39928 | Snake:2  | Found Xidghagergh's Weapon Emporium.
 39995 | Snake:2  | Bought a scroll of enchant armour for 240 gold pieces
 39995 | Snake:2  | Bought a scroll of teleportation for 96 gold pieces
 40037 | Snake:2  | Killed Vashnia
 40037 | Snake:2  | Received a gift from Okawaru
 40038 | Snake:2  | Reached skill level 10 in Spellcasting
 41712 | Snake:3  | Noticed Bai Suzhen
 41724 | Snake:3  | Killed Bai Suzhen
 41724 | Snake:3  | Received a gift from Okawaru
 42219 | Snake:3  | Found a runed translucent gate.
 42219 | Snake:3  | Found a runed translucent gate.
 42219 | Snake:3  | Found a runed translucent gate.
 42226 | Snake:3  | Noticed Pitzov's ghost (adept DECj)
 42750 | Snake:3  | Killed Pitzov's ghost
 42905 | Snake:3  | Acquired the amulet "Xujat" {Acrobat Rampage rF+}
 42906 | Snake:3  | Acquired a scarf of resistance
 42999 | Snake:4  | Entered Level 4 of the Snake Pit
 43178 | Snake:4  | Received a gift from Okawaru
 43179 | Snake:4  | Reached XP level 18. HP: 120/147 MP: 15/32
 44036 | Snake:4  | Reached skill level 15 in Fighting
 44401 | Snake:4  | Noticed Roxanne
 44561 | Snake:4  | Killed Roxanne
 44830 | Snake:4  | Found a runed translucent door.
 44889 | Snake:4  | Received a gift from Okawaru
 44978 | Snake:4  | Noticed Saint Roka
 44992 | Snake:4  | Noticed Alarak's ghost (adept FoFi)
 45044 | Snake:4  | Killed Saint Roka
 45664 | Snake:4  | HP: 7/149 [constriction (13)]
 45665 | Snake:4  | HP: 2/149 [guardian serpent (4)]
 45665 | Snake:4  | Mangled by a sea snake

Illustrated notes

Levels and vault maps discovered:
D:1:      reono_arrival_forest_river, layout_basic, serial_shops,
          nicolae_diamond_shop
D:2:      layout_rooms, basic_altar, serial_shops, shop,
          nicolae_concentric_dashed_squares_wild, palyth_stone_intersect
D:3:      layout_loops_ring, regret_index_temple_of_mockery,
          minmay_gold_behind_fungi, minmay_snake_closets
D:4:      layout_basic, nicolae_overflow_hidden_temple
D:5:      layout_basic, zin_academy, minmay_temple_entry_poolview,
          lexackson_kobold_supper
D:6:      layout_loops_ring, gammafunk_temple_overflow_elements,
          grunt_gozag_breadcrumbs, serial_shops, nicolae_square_shop,
          nrook_pool_corridor
D:7:      layout_cave_pods, kennysheep_mini, mainiacjoe_overflow_tiny_flanked,
          serial_shops, shop, nicolae_shop_overcharged_wands
D:8:      layout_basic, nicolae_dithmenos_through_a_glass_darkly,
          okawaru_trees_1, mainiacjoe_overflow_alcove_1, nzn_random_ring
D:9:      layout_loops_ring, lemuel_doored_altar, nicolae_vehumet_altar_sigil,
          mainiacjoe_overflow_boulevard, uniq_maurice
D:10:     layout_basic, minmay_orc_entry_temple_small, eino_house_with_fridge
D:11:     layout_roguey, lair_entry_dummy, serial_shops, shop
D:12:     layout_rooms, eat_drink_and_be_merry_uskayaw
D:13:     layout_long_grid, david_vaults_2, serial_shops,
          nicolae_shop_industrial_runoff, portal_ice_cave_entry_ice_simulacra,
          grunt_ministairs_6
D:14:     layout_rooms, serial_park_tiny_2
D:15:     grunt_enter_depths_giant_problem, layout_cave_pools,
          serial_bayou_pond_b, minivault_16, billiards_dpeg
Temple:   hellmonk_temple_two_chambers
Lair:1:   layout_gridlike, serial_bayou_pond_a, minivault_23, wad_woods_road_06
Lair:2:   layout_small_grid, minmay_swamp_entry_worms
Lair:3:   layout_regular_city, dummy_snake_entry
Lair:4:   layout_regular_city
Lair:5:   cheibrodos_lair_end_hotspot, layout_regular_city,
          minmay_slime_entry_oklob_open, chequers_serial_rivers_large_b,
          serial_bayou_pond_e, hellmonk_guarded_unrand_vines
Swamp:1:  layout_basic_swamp, evilmike_swamp_ruin_house_6
Swamp:2:  layout_falls_marsh, evilmike_swamp_ruin_house_2,
          nicolae_swamp_thats_no_hydra, infiniplex_staircase_pool
Swamp:3:  layout_basic_swamp, evilmike_swamp_ruin_house_5, swamp_pool_1_2,
          nicolae_swamp_decorative_isthmus, infiniplex_staircase_pool_2
Snake:1:  layout_misc_corridors, uniq_aizul, uniq_agnes, uniq_nikola, uniq_kirke
Snake:2:  layout_onion_interference, nicolae_snake_slithery_corners,
          fake_guardian_serpent_vault, minmay_shop_star, uniq_vashnia
Snake:3:  layout_honeycomb, gammafunk_ghost_necromancy,
          nicolae_snake_yet_another_twisty_hallway, uniq_bai_suzhen
Snake:4:  grunt_snake_rune_pools, layout_layer_cave,
          ebering_ghost_reflecting_pool, st_stairs_4, uniq_roxanne,
          uniq_saint_roka
Orc:1:    hellmonk_paralyzer, layout_caves, serial_shops, shop_statue,
          regret_index_xom_of_box
Orc:2:    st_orc_elflike, layout_diamond_mine, uniq_josephine

Skill      XL: |  1  2  3  4  5  6  7  8  9 10 11 12 13 14 15 16 17 18 |
---------------+-------------------------------------------------------+-----
Long Blades    | 3 4 5 6 7 8 12 14 15 16 | 16.0
Fighting       | 3 4 5 6 8 9 10 11 12 14 15 | 15.2
Spellcasting   | 4 6 7 8 9 10 | 10.0
Translocations | 5 8 9 10 11 13 14 | 14.0
Armour         | 3 6 |  6.5
Dodging        | 4 8 |  8.4
Invocations    | 3 7 10 11 12 | 12.2
Throwing       | |  0.8

Action                     |  1- 3 |  4- 6 |  7- 9 | 10-12 | 13-15 | 16-18 || total
---------------------------+-------+-------+-------+-------+-------+-------++-------
  Melee: Falchion          |    68 |   206 |   403 |   464 |   755 |       ||  1896
         Dagger            |    52 |    94 |    16 |   465 |  1060 |   752 ||  2439
         Double sword      |       |       |       |       |   335 |   824 ||  1159
  Throw: Dart              |       |     4 |       |    28 |       |       ||    32
   Cast: Manifold Assault  |       |       |       |    62 |   476 |   417 ||   955
         Blink             |       |       |       |       |     2 |       ||     2
 Invoke: Heroism           |       |       |       |       |     5 |     2 ||     7
         Finesse           |       |       |       |       |     3 |     1 ||     4
         Receive Weapon    |       |       |       |       |     1 |       ||     1
         Receive Armour    |       |       |       |       |     1 |       ||     1
  Evoke: Wand              |       |       |     7 |    14 |     2 |     1 ||    24
    Use: Scroll            |       |     1 |     1 |    12 |     4 |    24 ||    42
         Potion            |       |       |     6 |     2 |     4 |    13 ||    25
   Stab: Sleeping          |       |       |       |     1 |       |       ||     1
         Invisible         |       |       |       |       |     5 |       ||     5
 Armour: Leather armour    |    55 |    51 |       |       |       |       ||   106
         Ring mail         |       |    61 |   158 |       |       |       ||   219
         Steam dragon scal |       |       |    45 |   201 |   139 |       ||   385
         Ice dragon scales |       |       |       |       |     1 |   178 ||   179
         Robe              |       |       |       |       |   292 |       ||   292
         Chain mail        |       |       |       |       |       |   177 ||   177
  Dodge: Dodged            |    45 |    83 |   143 |   224 |   371 |   125 ||   991
         Repelled          |       |     3 |     1 |     4 |    15 |    23 ||    46

Table legend: (Time is in decaauts)
 A = Elapsed time spent in this place.
 B = Non-inter-level travel time spent in this place.
 C = Inter-level travel time spent in this place.
 D = Time resting spent in this place.
 E = Time spent auto-exploring this place.
 F = Levels seen in this place.
 G = Mean time per level.
                   A        B        C        D        E       F      G
               +--------+--------+--------+--------+--------+-----+--------+
         Total |  45175 |  42886 |   2289 |   7972 |  30148 |  31 | 1457.3 |
       Dungeon |  15847 |  14827 |   1020 |   2406 |  10246 |  15 | 1056.5 |
        Temple |      1 |      1 |      0 |      0 |      0 |   1 |    1.0 |
          Lair |  11425 |  10739 |    686 |   2656 |   7154 |   5 | 2285.0 |
         Swamp |   5017 |   4833 |    184 |    347 |   4123 |   3 | 1672.3 |
     Snake Pit |   8095 |   7937 |    158 |   1615 |   5612 |   4 | 2023.8 |
  Orcish Mines |   3754 |   3515 |    239 |    805 |   2246 |   2 | 1877.0 |
      Ice Cave |   1033 |   1033 |      0 |    142 |    766 |   1 | 1033.0 |
               +--------+--------+--------+--------+--------+-----+--------+

Top non-repeatable levels by time:
  Lair:5: 4637 daAuts
 Snake:2: 2610 daAuts
 Snake:4: 2262 daAuts
 Snake:3: 2143 daAuts
  Lair:2: 2140 daAuts
   Orc:2: 2031 daAuts
 Swamp:2: 2030 daAuts
     D:8: 1864 daAuts
  Lair:4: 1773 daAuts
   Orc:1: 1722 daAuts
    D:10: 1720 daAuts
 Swamp:1: 1626 daAuts
  Lair:1: 1468 daAuts
  Lair:3: 1406 daAuts
    D:15: 1364 daAuts
